 Dungeon Crawl Stone Soup version 0.30-a0-939-gc8157cb160 (console) character file.

Game seed: 17329701455857574235

4330 petzl the Magician (level 10, -13/70 HPs)
             Began as a Formicid Delver on Mar 25, 2023.
             Was a Follower of Vehumet.
             Shot with an arrow by Nessos (15 damage)
             ... on level 12 of the Dungeon on Mar 29, 2023.
             The game lasted 00:56:07 (10361 turns).

petzl the Magician (Formicid Delver)               Turns: 10361, Time: 00:56:08

Health: -13/70     AC:  5    Str: 17    XL:     10   Next: 59%
Magic:  21/21      EV: 12    Int: 14    God:    Vehumet [*.....]
Gold:   503        SH:  0    Dex: 15    Spells: 18/24 levels left

rFire   + . .      SeeInvis +    a - +0 shortbow (freeze)
rCold   . . .      Faith    .    (no shield)
rNeg    . . .      Spirit   .    j - +0 leather armour
rPois   +          Reflect  .    (helmet unavailable)
rElec   .          Rampage  .    (no cloak)
rCorr   .                        o - +0 pair of gloves
Will    +....                    G - +0 pair of boots
Stlth   +++                      F - amulet of the acrobat
HPRegen 0.31/turn                k - ring of poison resistance
MPRegen 0.17/turn                p - ring of protection from fire

@: lethally poisoned (-13 -> -21)
A: permanent stasis, dig shafts and tunnels, antennae 3, four strong arms
a: Dig, Shaft Self, Renounce Religion


You were on level 12 of the Dungeon.
You worshipped Vehumet.
Vehumet was aware of your devotion.
You visited 2 branches of the dungeon, and saw 16 of its levels.
You also visited: Ossuary.

You collected 503 gold pieces.

Inventory:

Hand Weapons
 a - a +0 shortbow of freezing (weapon)
 b - a +2 flail of venom
 c - a +2 heavy mace
 d - a +0 sling of draining
Missiles
 l - 2 poisoned darts
Armour
 j - a +0 leather armour (worn)
 o - a +0 pair of gloves (worn)
 G - a +0 pair of boots (worn)
Jewellery
 k - a ring of poison resistance (left hand)
 p - a ring of protection from fire (right hand)
 F - an amulet of the acrobat (around neck)
Wands
 x - a wand of roots (4)
 D - a wand of charming (14)
Scrolls
 e - 3 scrolls of fear
 g - 2 scrolls of vulnerability
 h - a scroll of enchant weapon
 v - 3 scrolls of amnesia
 w - a scroll of enchant armour
 y - a scroll of identify
 C - a scroll of fog
 J - 3 scrolls of silence
 M - a scroll of magic mapping
Potions
 i - 6 potions of curing
 n - a potion of degeneration {unknown}
 r - a potion of might
 s - a potion of heal wounds {unknown}
 u - a potion of cancellation {unknown}
 z - a potion of ambrosia
 A - 4 potions of brilliance
 E - a potion of mutation {unknown}
 K - a potion of lignification
 L - a potion of flight {unknown}


   Skills:
 + Level 3.6 Fighting
 - Level 2.0 Maces & Flails
 - Level 7.2 Ranged Weapons
 + Level 1.2 Armour
 + Level 2.1 Dodging
 + Level 6.2 Stealth
 + Level 7.7 Spellcasting
 + Level 6.8 Conjurations
 * Level 4.7 Translocations
 - Level 3.0 Evocations


You had 18 spell levels left.
You knew the following spells:

 Your Spells              Type           Power      Damage    Failure   Level
a - Momentum Strike       Conj/Tloc      42%        3d9       2%          2
b - Passage of Golubria   Tloc           18%        N/A       22%         4

Your spell library contained the following spells:

 Spells                   Type           Power      Damage    Failure   Level
 Sandblast                Erth           10%        2d5       16%         1
 Lesser Beckoning         Tloc           36%        N/A       3%          2
 Tukima's Dance           Hex            5%         N/A       43%         3
 Yara's Violent Unravell  Hex/Tmut       2%         3d3       99%         5
 Blink                    Tloc           Unusable   N/A       N/A         2

Dungeon Overview and Level Annotations

Branches:
Dungeon (15/15)            Temple (1/1) D:6             Orc (0/2) D:10
 Depths (0/4) D:15        Ossuary (visited)
   Lair: D:8-11      Vaults: D:13-14

Altars:
Ashenzari
Dithmenos
Elyvilon
Hepliaklqana
Kikubaaqudgha
Makhleb
Nemelex Xobeh
Okawaru
Ru
Sif Muna
Trog
Uskayaw
Vehumet
Wu Jian
The Shining One

Annotations:
D:4 exclusion: upstairs
D:5 exclusion: ogre
D:10 exclusions: sensed monster (detected) and upstairs
D:12 exclusions: 2 downstairs and 3 sensed monsters (detected), Nessos
D:13 exclusions: acid dragon, cyclops, downstairs, manticore, sensed monster (detected) and ugly thing
D:14 exclusions: downstairs and sensed monster (detected)
D:15 exclusion: 2 sensed monsters (detected)


Innate Abilities, Weirdness & Mutations

You cannot be hasted, slowed, berserked, paralysed or teleported.
You can dig through walls and to a lower floor.
You have a pair of large antennae on your head. (SInv)
Your four strong arms can wield two-handed weapons with a shield.


Message History

Roots grab the two-headed ogre.
The grasping roots constrict the two-headed ogre.
The two-headed ogre struggles to escape constriction.
The grasping roots constrict the two-headed ogre.
The two-headed ogre struggles to escape constriction.
The grasping roots constrict the two-headed ogre.
The roots release their grip on the two-headed ogre.
You shoot an arrow.
The arrow hits the two-headed ogre but does no damage.
The two-headed ogre is almost dead.
A boulder beetle comes into view.
You shoot an arrow. The arrow hits the two-headed ogre!
The arrow freezes the two-headed ogre.
You kill the two-headed ogre!
Vehumet accepts your kill.
Nessos wields a +3 longbow of flaming.
It bursts into flame!
Nessos shoots an arrow.
The arrow hits you!
Nessos shoots an arrow.
The arrow hits you!!
* * * LOW HITPOINT WARNING * * *
The arrow burns you.
* * * LOW HITPOINT WARNING * * *
Your Armour skill increases to level 1!
Your Dodging skill increases to level 2!
As you read the scroll of fog, it crumbles to dust.
The scroll dissolves into smoke.
Nessos gestures wildly while chanting.
Nessos seems to speed up.
Are you sure you want to shaft yourself?
Nessos shoots an arrow.
The arrow hits you.
* * * LOW HITPOINT WARNING * * *
You are lethally poisoned!
Nessos mumbles some strange words.
Nessos blinks!
The boulder beetle curls into a ball and begins rolling!
You begin to dig a shaft.
You continue digging a shaft.
* * * LOW HITPOINT WARNING * * *
You feel very sick.
Nessos shoots an arrow.
The arrow completely misses you.
Nessos shoots an arrow.
The arrow hits you!
You die...

#....{...#
#####....# {
##.#.## #####....#
#........#
#.###...##
{####.###...######
#................
#.##.###...######
#.#...###.##
.c{......#
#.#..(##.##
#.##.##.#.##
###{##...###.#
#.§.#####.#.##
#§########.##
#§c§)......#
#§########## #@#
#§# #B# #.#
#B#############
#.....>.......#
#.###########.#
#.# #.##### { ..#
#...... { ####
#######


You could see a boulder beetle (rolling) and Nessos (fast).

Vanquished Creatures
  A two-headed ogre (D:12)
  A wraith (D:13)
  9 yaks
  A black bear (D:6)
  2 orc warriors (D:7)
  An ogre (D:10)
  2 centaurs
  2 phantoms (D:7)
  2 bullfrogs
  6 elf zombies (Ossuary)
  2 scorpions (D:5)
  3 jellies
  3 centaur zombies (Ossuary)
  3 human zombies (Ossuary)
  An orc priest (D:7)
  2 gnoll boudas
  2 hounds
  5 iguanas
  A sleepcap (D:6)
  3 orc wizards
  4 mummies
  11 gnolls
  9 adders
  2 white imps (D:4)
  3 worms
  A dart slug (D:2)
  20 orcs
  6 endoplasms
  A giant cockroach (D:3)
  10 goblins
  6 hobgoblins
  7 quokkas
  9 ball pythons
  5 bats
  2 frilled lizards
  A hobgoblin zombie (D:7)
  2 kobolds
  A kobold zombie (D:7)
  3 rats
155 creatures vanquished.

Vanquished Creatures (others)
  A basilisk (D:12)
1 creature vanquished.

Grand Total: 156 creatures vanquished

Notes
Turn   | Place    | Note
-------+----------+-------------------------------------------
     0 | D:5      | petzl the Formicid Delver began the quest for the Orb.
     0 | D:5      | Reached XP level 1. HP: 18/18 MP: 1/1
    16 | D:6      | Found a staircase to the Ecumenical Temple.
    18 | D:6      | Noticed a sleepcap
   124 | D:4      | Noticed a hound
   148 | D:4      | Reached skill level 1 in Spellcasting
   236 | D:4      | Noticed an iguana
   326 | D:3      | Reached XP level 2. HP: 21/24 MP: 4/4
   329 | D:3      | Learned a level 2 spell: Momentum Strike
   686 | D:1      | Reached XP level 3. HP: 29/29 MP: 5/5
   718 | D:1      | Reached skill level 1 in Conjurations
  1118 | D:2      | Reached skill level 1 in Ranged Weapons
  1124 | D:2      | Found an ancient bone altar of Kikubaaqudgha.
  1213 | D:2      | Reached XP level 4. HP: 31/35 MP: 7/7
  1870 | D:3      | Found a faded altar of an unknown god.
  2038 | D:3      | Noticed an ogre
  2047 | D:3      | Reached XP level 5. HP: 37/41 MP: 8/8
  2310 | D:4      | Reached XP level 6. HP: 21/47 MP: 10/10
  3238 | D:4      | Reached XP level 7. HP: 44/52 MP: 12/12
  4259 | D:5      | Found an ancient bone altar of Kikubaaqudgha.
  4857 | Temple   | Entered the Ecumenical Temple
  4939 | Temple   | Became a worshipper of Vehumet
  4974 | D:6      | Reached XP level 8. HP: 58/58 MP: 15/15
  5015 | D:6      | Reached skill level 5 in Spellcasting
  5057 | D:6      | HP: 2/58 [white imp (5)]
  5058 | D:6      | You fall into a shaft and drop 1 floor!
  5295 | D:7      | Found a sand-covered staircase.
  5298 | D:7      | You fall into a shaft and drop 1 floor!
  5561 | D:7      | Reached skill level 5 in Ranged Weapons
  5609 | Ossuary  | Entered an ossuary
  5733 | Ossuary  | Learned a level 4 spell: Passage of Golubria
  5817 | Ossuary  | Reached skill level 5 in Conjurations
  5817 | Ossuary  | Reached skill level 1 in Evocations
  5827 | Ossuary  | Reached skill level 1 in Translocations
  5991 | Ossuary  | Reached XP level 9. HP: 46/64 MP: 17/17
  6424 | Ossuary  | Reached * piety under Vehumet
  6424 | Ossuary  | Offered knowledge of Sandblast by Vehumet.
  6868 | D:7      | You fall into a shaft and drop 3 floors!
  6868 | D:10     | Entered Level 10 of the Dungeon
  7105 | D:9      | Identified the +1 flail "Ojuakagg" {flame, *Rage Str+3}
  8019 | D:11     | Reached XP level 10. HP: 37/70 MP: 20/20
  8731 | D:10     | Noticed a two-headed ogre
  9089 | D:10     | Found a staircase to the Orcish Mines.
  9162 | D:10     | You fall into a shaft and drop 3 floors!
  9292 | D:13     | Noticed a cyclops
  9341 | D:13     | Noticed a manticore
  9436 | D:13     | Noticed a purple ugly thing
  9620 | D:14     | Noticed a centaur warrior
  9635 | D:13     | Noticed a centaur warrior
  9639 | D:13     | Noticed a cyclops
  9643 | D:13     | You fall into a shaft and drop 2 floors!
  9643 | D:15     | Entered Level 15 of the Dungeon
  9765 | D:15     | Found a burning altar of Makhleb.
  9769 | D:15     | Noticed a catoblepas
  9783 | D:15     | Noticed a purple ugly thing
  9783 | D:15     | Noticed a purple ugly thing
  9786 | D:15     | Noticed a purple ugly thing
  9863 | D:14     | Noticed a freezing wraith
  9972 | D:12     | Noticed a cyclops
 10098 | D:12     | Noticed a cyclops
 10149 | D:12     | You fall into a shaft and drop 1 floor!
 10328 | D:12     | Noticed a two-headed ogre
 10334 | D:12     | Noticed Nessos
 10356 | D:12     | Noticed a boulder beetle
 10357 | D:12     | Killed a two-headed ogre
 10358 | D:12     | Reached skill level 1 in Armour
 10361 | D:12     | HP: 2/70 [poisoned by Nessos]
 10361 | D:12     | Shot with an arrow by Nessos

Illustrated notes

Levels and vault maps discovered:
D:1:      nicolae_arrival_washed_ashore, layout_rooms, st_stairs_4
D:2:      layout_basic, basic_altar
D:3:      layout_loops_corners, ebering_ecumenical_altar_petrified,
          minmay_statues_item, minmay_ogre_servants
D:4:      layout_basic
D:5:      layout_basic, kiku_gazebo_garden_becter
D:6:      layout_cave_pools, zin_academy, minmay_temple_entry_junction_2
D:7:      layout_basic, chequers_temple_overflow_statue_of_worship,
          nicolae_ossuary_entry_giza, hex_intersection, minivault_10
D:8:      layout_cave_pools, kennysheep_mini_moat, serial_shops,
          nicolae_shop_hallway_plus
D:9:      layout_long_grid, lemuel_round_altar, minmay_misc_feat_room
D:10:     nicolae_cairo_tiling, layout_small_grid, uniq_nergalle
D:11:     layout_basic, dpeg_oklobed_lair, serial_shops, nicolae_square_shop,
          uniq_snorg, uniq_lodul
D:12:     layout_loops_ring, uniq_kirke, uniq_nessos, uniq_psyche
D:13:     layout_stronghold, minmay_fractal_squares_diagonal_5
D:14:     layout_basic, grunt_vaults_entry_fortified, grunt_gozag_statues,
          portal_ice_cave_entry_ice_simulacra
D:15:     hangedman_depths_entry_try_elsewhere_first, layout_cave_pods,
          serial_column_ruins, column_ruins_hut, column_ruins_open_small,
          column_ruins_open_small, column_ruins_open_tiny, column_ruins_grid_2,
          column_ruins_open_tiny_water, lemuel_doored_altar,
          gammafunk_ghost_fury_of_okawaru, kennysheep_four_rooms
Temple:   nicolae_temple_superstar

Skill      XL: |  1  2  3  4  5  6  7  8  9 10 |
---------------+-------------------------------+-----
Spellcasting   | 1 2 3 4 5 7 |  7.7
Conjurations   | 1 2 3 4 5 6 |  6.8
Ranged Weapons | 1 2 3 4 5 6 7 |  7.2
Evocations     | 1 3 |  3.0
Translocations | 1 3 4 |  4.7
Armour         | 1 |  1.2
Dodging        | 2 |  2.1
Fighting       | |  3.6
Maces & Flails | |  2.0
Stealth        | |  6.2

Action                     |  1- 3 |  4- 6 |  7- 9 | 10-12 || total
---------------------------+-------+-------+-------+-------++-------
  Melee: Mace              |    35 |    72 |   162 |    11 ||   280
         Flail             |       |       |   101 |    38 ||   139
         Punch             |       |       |     4 |     1 ||     5
   Fire: Sling             |    70 |    82 |   112 |     9 ||   273
         Shortbow          |       |       |       |    28 ||    28
  Throw: Dart              |       |       |    16 |       ||    16
Ability: Dig               |       |     2 |     4 |       ||     6
         Shaft Self        |       |       |     3 |     4 ||     7
  Evoke: Wand              |       |       |     3 |     9 ||    12
    Use: Scroll            |       |     3 |     7 |     8 ||    18
         Potion            |       |     1 |     6 |     5 ||    12
   Stab: Sleeping          |     2 |       |       |       ||     2
 Armour: Leather armour    |    21 |    37 |   103 |    11 ||   172
  Dodge: Dodged            |    67 |    85 |   248 |    74 ||   474

Table legend: (Time is in decaauts)
 A = Elapsed time spent in this place.
 B = Non-inter-level travel time spent in this place.
 C = Inter-level travel time spent in this place.
 D = Time resting spent in this place.
 E = Time spent auto-exploring this place.
 F = Levels seen in this place.
 G = Mean time per level.
                   A        B        C        D        E       F      G
               +--------+--------+--------+--------+--------+-----+--------+
         Total |  10682 |  10437 |    245 |   3514 |   2852 |  17 |  628.4 |
       Dungeon |   9639 |   9407 |    232 |   2987 |   2791 |  15 |  642.6 |
        Temple |     95 |     82 |     13 |      0 |     61 |   1 |   95.0 |
       Ossuary |    947 |    947 |      0 |    527 |      0 |   1 |  947.0 |
               +--------+--------+--------+--------+--------+-----+--------+

Top non-repeatable levels by time:
     D:4: 1534 daAuts
    D:10: 1346 daAuts
     D:5: 1137 daAuts
 Ossuary: 947 daAuts
     D:7: 817 daAuts
    D:11: 748 daAuts
     D:3: 741 daAuts
     D:1: 685 daAuts
     D:2: 604 daAuts
    D:13: 589 daAuts
     D:6: 417 daAuts
    D:12: 362 daAuts
     D:9: 223 daAuts
     D:8: 172 daAuts
    D:15: 162 daAuts
